 Dungeon Crawl Stone Soup version 0.31-a0-542-gdc2a67831c (webtiles) character file.

Game seed: 2320568299181767791

6957 Ethylacetat the Covert (level 11, -2/112 HPs)
             Began as an Octopode Gladiator on Aug 14, 2023.
             Was an Initiate of Gozag.
             Slain by an orc warrior
             ... wielding a +0 broad axe
              (6 damage)
             ... in a bailey.
             The game lasted 00:16:42 (9766 turns).

Ethylacetat the Covert (Octopode Gladiator)         Turns: 9766, Time: 00:16:43

Health: -2/112     AC: 25    Str: 14    XL:     11   Next: 7%
Magic:  18/20      EV:  2    Int: 11    God:    Gozag
Gold:   1236       SH:  0    Dex: 23    Spells: 10/10 levels left

rFire   . . .        a - +0 rapier
rCold   . . .        (no shield)
rNeg    . . .        b - melded +0 hat
rPois   +            (no amulet)
rElec   .            k - +6 ring of dexterity
rCorr   .            m - ring of magical power
SInv    .            (no ring)
Will    .....        (no ring)
Stlth   +++++        (no ring)
HPRegen 0.38/turn    (no ring)
MPRegen 0.17/turn    (no ring)
                     (no ring)

%: no passive effects
@: tree-form
A: stationary, stasis, torment immunity, boosted hp, almost no armour,
(amphibious), 8 rings, (camouflage 1), (gelatinous body 1), (nimble swimmer 1),
(tentacles)
a: Renounce Religion, Potion Petition, Call Merchant, Bribe Branch


You were in a bailey.
You worshipped Gozag.
Gozag was most pleased with you.
You were a tree.
You visited 2 branches of the dungeon, and saw 11 of its levels.
You also visited: Bailey.

You collected 1305 gold pieces.
You paid 69 gold pieces to Gozag.

Inventory:

Hand Weapons
 a - a +0 rapier (weapon)
 t - the +5 sling "Giantbane" {antimagic, rPois rF++ rN+ Dex+3}
   (You found it on level 5 of the Dungeon)

   Dex+3:     It affects your dexterity (+3).
   rF++:      It greatly protects you from fire.
   rPois:     It protects you from poison rN+: It protects you from negative
   energy.
Missiles
 c - 3 throwing nets (quivered)
 d - 6 javelins
Armour
 b - a +0 hat (melded)
Jewellery
 k - a +6 ring of dexterity (left branch)
 m - a ring of magical power (right branch)
Talismans
 l - a beast talisman
 n - a talisman of death
 u - a flux talisman
Wands
 v - a wand of polymorph (12)
 y - a wand of flame (17)
 A - a wand of paralysis (37)
 D - a wand of acid (1)
Scrolls
 e - 5 scrolls of identify
 j - a scroll of blinking
 o - a scroll of enchant armour {unknown}
 x - a scroll of vulnerability
 B - 2 scrolls of fear
Potions
 q - a potion of lignification


   Skills:
 + Level 7.3 Fighting
 - Level 3.0 Short Blades
 + Level 6.2 Ranged Weapons
 - Level 2.0 Throwing
 + Level 7.5 Dodging
 + Level 9.8 Stealth
 * Level 8.0 Shapeshifting


You had 10 spell levels left.
You didn't know any spells.
Your spell library contained the following spells:

 Spells                   Type           Power      Damage    Failure   Level
 Slow                     Hex            0%         N/A       34%         1
 Confusing Touch          Hex            0%         N/A       71%         3
 Dazzling Flash           Conj/Hex       0%         N/A       71%         3
 Ozocubu's Armour         Ice            0%         N/A       71%         3
 Vampiric Draining        Necr           0%         2d6       71%         3
 Vhi's Electric Charge    Tloc/Air       0%         N/A       71%         3
 Volatile Blastmotes      Fire/Tloc      0%         2d10      71%         3
 Arcjolt                  Conj/Air       0%         1d10      100%        5
 Metabolic Englaciation   Hex/Ice        0%         N/A       100%        5
 Plasma Beam              Fire/Air       0%         2x1d10    100%        6
 Starburst                Conj/Fire      0%         6d3       100%        6
 Maxwell's Capacitive Co  Air            0%         ∞         100%        8
 Simulacrum               Ice/Necr       Unusable   N/A       N/A         6

Dungeon Overview and Level Annotations

Branches:
Dungeon (10/15)            Temple (1/1) D:5            Lair (0/5) D:10
    Orc (0/2) D:10         Bailey (1/1)

Altars:
Ashenzari
Cheibriados
Dithmenos
Elyvilon
Fedhas
Gozag
Hepliaklqana
Kikubaaqudgha
Makhleb
Nemelex Xobeh
Okawaru
Qazlal
Ru
Sif Muna
Trog
Uskayaw
Vehumet
Wu Jian
Xom
Yredelemnul
Zin
The Shining One

Shops:
D:10 [


Innate Abilities, Weirdness & Mutations

You are a tree.
Your roots penetrate the ground, keeping you stationary.
You cannot be teleported.
You are immune to unholy pain and torment.
Your maximum health is greatly increased.
You cannot wear most types of armour.
((You are amphibious.))
You can wear up to eight rings at the same time.
((Your skin changes colour to match your surroundings (Stealth+).))
((Your rubbery body absorbs attacks. (AC +1, EV +1)))
((You are camouflaged when in or above water. (Stealth+)))
((You have tentacles for arms and can constrict up to eight enemies at once.))


Message History

The orc warrior hits you with a +3 hand axe.
* * * LOW HITPOINT WARNING * * *
You hit the hobgoblin.
The hobgoblin is heavily wounded.
The orc warrior hits you with a +0 broad axe.
* * * LOW HITPOINT WARNING * * *
The hobgoblin hits you but does no damage.
The orc warrior hits you with a +3 hand axe.
* * * LOW HITPOINT WARNING * * *
You closely miss the hobgoblin.
The hobgoblin is heavily wounded.
The orc warrior hits you with a +0 broad axe!
* * * LOW HITPOINT WARNING * * *
The hobgoblin hits you but does no damage.
The orc warrior hits you but does no damage.
Unknown command.
You are confused.
You feel invigorated.
The orc warrior hits you but does no damage.
The hobgoblin hits you but does no damage.
The orc warrior hits you but does no damage.
You cannot move. (Use ctrl+direction or * direction to attack while stationary and confused.)
You swing at nothing.
The orc warrior hits you but does no damage.
The hobgoblin hits you with a +0 hand axe.
* * * LOW HITPOINT WARNING * * *
The orc warrior hits you but does no damage.
You hit the hobgoblin but do no damage.
The hobgoblin is heavily wounded.
You feel less invigorated.
You feel less confused.
The orc warrior hits you with a +0 broad axe!
* * * LOW HITPOINT WARNING * * *
The hobgoblin hits you but does no damage.
The orc warrior hits you but does no damage.
You completely miss the hobgoblin.
The hobgoblin is heavily wounded.
The orc warrior hits you with a +0 broad axe.
You die...
Your body crumbles into a pile of gold.

### ###.### #.
###.....### #...
##)........## .....
#..........o#g.....
#..........♣go.....
#.....⌠....o#g....⌠
#...........# $....
#.))........# ....
###.).)..)..## ...
###.#'#.....### ..
###.....###.### .
#.........###
...........#


You could see 2 orc warriors, an orc, 2 hobgoblins and a goblin.

Vanquished Creatures
  3 molten gargoyles (D:9)
  An unseen horror zombie (D:9)
  A hornet (D:9)
  A shadow (D:10)
  A wraith (D:9)
  A wyvern (D:9)
  12 yaks
  2 steam dragons
  A sky beast (D:8)
  A water moccasin (D:7)
  2 orc warriors (Bailey)
  A black bear (D:6)
  4 ogres
  2 centaurs
  3 kobold brigands
  3 bullfrogs
  2 scorpions
  4 wights
  7 killer bees
  5 howler monkeys
  A centaur zombie (D:9)
  2 gnoll boudas (D:6)
  5 orc priests
  An iguana (D:5)
  A sleepcap (D:6)
  6 orc wizards
  5 adders
  17 gnolls
  2 shadow imps
  3 white imps
  3 ufetubi
  2 worms (D:2)
  5 dart slugs
  23 orcs
  5 endoplasms
  2 giant cockroaches (D:2)
  7 goblins
  6 hobgoblins
  6 jackals
  3 quokkas
  4 ball pythons
  9 bats
  5 frilled lizards
  14 kobolds
  5 rats
  A spectral kobold (D:5)
200 creatures vanquished.

Vanquished Creatures (others)
  A wizard (D:6)
  A molten gargoyle (D:9)
2 creatures vanquished.

Grand Total: 202 creatures vanquished

Notes
Turn   | Place    | Note
-------+----------+-------------------------------------------
     0 | D:1      | Ethylacetat the Octopode Gladiator began the quest for the
                  | Orb.
     0 | D:1      | Reached XP level 1. HP: 14/14 MP: 1/1
   116 | D:1      | Reached skill level 1 in Stealth
   118 | D:1      | Reached XP level 2. HP: 19/19 MP: 2/2
   793 | D:2      | Reached skill level 2 in Stealth
   793 | D:2      | Reached XP level 3. HP: 25/25 MP: 3/3
  1248 | D:2      | Reached XP level 4. HP: 30/30 MP: 4/4
  2298 | D:3      | Reached skill level 3 in Stealth
  2298 | D:3      | Reached skill level 1 in Shapeshifting
  2500 | D:4      | Reached XP level 5. HP: 36/36 MP: 5/5
  2793 | D:4      | Noticed an ogre
  2806 | D:4      | Killed an ogre
  2807 | D:4      | Reached skill level 4 in Stealth
  2807 | D:4      | Reached XP level 6. HP: 11/42 MP: 6/6
  3227 | D:5      | Entered Level 5 of the Dungeon
  3242 | D:5      | Identified the +5 sling "Giantbane" {antimagic, rPois rF++
                  | rN+ Dex+3}
  3544 | D:5      | Reached skill level 1 in Ranged Weapons
  3544 | D:5      | Reached XP level 7. HP: 47/47 MP: 5/7
  3646 | D:5      | Found a hazy altar of Hepliaklqana.
  3862 | D:5      | Found a staircase to the Ecumenical Temple.
  3896 | Temple   | Entered the Ecumenical Temple
  3933 | Temple   | Became a worshipper of Gozag Ym Sagoz the Greedy
  4048 | D:5      | Reached skill level 5 in Stealth
  4061 | D:5      | Found a hide-covered altar of Uskayaw.
  4259 | D:6      | Found a bloodstained altar of Trog.
  4266 | D:6      | Reached XP level 8. HP: 54/54 MP: 5/8
  4698 | D:6      | Reached skill level 5 in Dodging
  4988 | D:6      | Noticed a wizard
  4994 | D:6      | Killed a wizard
  5192 | D:7      | Reached skill level 6 in Stealth
  5215 | D:7      | Reached skill level 5 in Fighting
  5284 | D:7      | Reached skill level 5 in Shapeshifting
  5335 | D:7      | Reached XP level 9. HP: 43/61 MP: 5/9
  5594 | D:7      | Reached skill level 7 in Stealth
  6978 | D:8      | Reached skill level 8 in Stealth
  7346 | D:9      | Reached XP level 10. HP: 65/68 MP: 6/10
  7412 | D:9      | Noticed a molten gargoyle
  7418 | D:9      | Reached skill level 5 in Ranged Weapons
  7418 | D:9      | Noticed a molten gargoyle
  7424 | D:9      | Noticed a molten gargoyle
  7431 | D:9      | Killed a molten gargoyle
  7444 | D:9      | Killed a molten gargoyle
  7456 | D:9      | Killed a molten gargoyle
  7666 | D:9      | Noticed a molten gargoyle
  7677 | D:9      | Killed a molten gargoyle
  7961 | D:9      | Reached skill level 9 in Stealth
  9129 | D:9      | Reached XP level 11. HP: 24/75 MP: 6/11
  9292 | D:9      | Found a basalt altar of Yredelemnul.
  9392 | D:10     | Entered Level 10 of the Dungeon
  9442 | D:10     | Found a staircase to the Lair.
  9508 | D:10     | Found a staircase to the Orcish Mines.
  9521 | D:10     | Found Doskaqe's Armour Boutique.
  9535 | D:10     | Found a flagged portal.
  9544 | Bailey   | Entered a bailey
  9762 | Bailey   | HP: 4/112 [orc warrior/+0 broad axe (8)]
  9766 | Bailey   | Slain by an orc warrior

Illustrated notes

Levels and vault maps discovered:
D:1:      wander_arrival_fairy_ring, layout_loops_ring
D:2:      layout_loops_corners, serial_forest, infiniplex_forest_lined_corner,
          infiniplex_forest_lined_room_3, infiniplex_forest_end_3,
          infiniplex_forest_straight_1, infiniplex_forest_end_double,
          infiniplex_forest_lined_2, infiniplex_forest_lined_room_2,
          infiniplex_forest_fountain
D:3:      layout_loops_cross, guppyfry_early_lair_pool
D:4:      layout_loops_ring
D:5:      layout_basic, nicolae_hepliaklqana_monster_ancestors,
          mainiacjoe_overflow_catwalk, minmay_temple_entry_poolview,
          nicolae_sextant
D:6:      layout_cave_pods, trog_wizard
D:7:      layout_basic
D:8:      layout_loops_cross, kennysheep_big_empty_room
D:9:      layout_layer_cave, lemuel_zombie_altar_yredelemnul, minivault_8
D:10:     layout_gridville, erik_lair_orcish_takeover,
          minmay_orc_entry_temple_small, enter_bailey_1, serial_shops,
          kennysheep_mini, minmay_tree_intersection, kennysheep_generic_room_16,
          uniq_joseph
Temple:   dpeg_five_rooms_temple
Bailey:   bailey_axe_minmay_hex_keep, bailey

Skill      XL: |  1  2  3  4  5  6  7  8  9 10 11 |
---------------+----------------------------------+-----
Stealth        | 1 2 3 4 5 6 8 9 |  9.8
Fighting       | 3 4 5 6 7 |  7.3
Shapeshifting  | 1 2 3 5 6 7 8 |  8.0
Dodging        | 4 5 6 7 |  7.5
Ranged Weapons | 1 2 3 4 6 |  6.2
Short Blades   | |  3.0
Throwing       | |  2.0

Action                     |  1- 3 |  4- 6 |  7- 9 | 10-12 || total
---------------------------+-------+-------+-------+-------++-------
  Melee: Rapier            |    50 |    58 |    76 |    24 ||   208
         Constrict         |    10 |    19 |     6 |     2 ||    37
         Tentacles         |     7 |    14 |    15 |     4 ||    40
   Fire: Sling             |       |    36 |   240 |   177 ||   453
  Throw: Throwing net      |       |     1 |     1 |       ||     2
  Evoke: Wand              |       |       |       |     3 ||     3
    Use: Potion            |       |       |     4 |    10 ||    14
         Scroll            |       |       |       |     8 ||     8
   Stab: Sleeping          |    14 |     3 |       |       ||    17
 Armour: Skin              |     5 |     7 |    26 |    30 ||    68
  Dodge: Dodged            |    29 |    47 |    89 |    87 ||   252
   Form: Beast             |     1 |       |       |       ||     1

Table legend: (Time is in decaauts)
 A = Elapsed time spent in this place.
 B = Non-inter-level travel time spent in this place.
 C = Inter-level travel time spent in this place.
 D = Time resting spent in this place.
 E = Time spent auto-exploring this place.
 F = Levels seen in this place.
 G = Mean time per level.
                   A        B        C        D        E       F      G
               +--------+--------+--------+--------+--------+-----+--------+
         Total |   9867 |   9451 |    416 |    175 |   7716 |  12 |  822.2 |
       Dungeon |   9569 |   9223 |    346 |    175 |   7544 |  10 |  956.9 |
        Temple |     72 |      2 |     70 |      0 |      0 |   1 |   72.0 |
        Bailey |    224 |    224 |      0 |      0 |    172 |   1 |  224.0 |
               +--------+--------+--------+--------+--------+-----+--------+

Top non-repeatable levels by time:
     D:9: 2186 daAuts
     D:6: 1178 daAuts
     D:2: 1099 daAuts
     D:7: 1035 daAuts
     D:8: 983 daAuts
     D:4: 922 daAuts
     D:1: 751 daAuts
     D:5: 718 daAuts
     D:3: 602 daAuts
  Bailey: 224 daAuts
    D:10: 93 daAuts
  Temple: 72 daAuts
